 Dungeon Crawl Stone Soup version 0.17-a0-1020-ge683cc4 (console) character file.

6838 Monkaria the Carver (level 10, -3/73 HPs)
             Began as a Demonspawn Chaos Knight on May 14, 2015.
             Slain by a troll (26 damage)
             ... on level 9 of the Dungeon.
             The game lasted 00:17:28 (9071 turns).

Monkaria the Carver (Demonspawn Chaos Knight)       Turns: 9071, Time: 00:17:28

Health: -3/73      AC: 17    Str: 16      XL:     10   Next: 77%
Magic:  10/10      EV: 14    Int: 14 (15) God:    Xom [.*....]
Gold:   431        SH:  0    Dex: 11      Spells: 0 memorised, 9 levels left

rFire  + + .     SeeInvis +     a - +1 falchion (chaos)
rCold  . . .     Clarity  .     b - +2 leather armour
rNeg   . . .     SustAb   .     (no shield)
rPois  .         Gourm    .     O - +2 helmet
rElec  +         Spirit   .     m - +0 cloak
rCorr  .         Warding  .     i - +0 pair of gloves
rMut   .         Stasis   .     (no boots)
MR     .....                    (no amulet)
Stlth  +.........               (no ring)
                                D - ring of see invisible

@: not resistant to hostile enchantments, very unstealthy
A: claws 1, rough black scales 2, blink 1, blurry vision 1, clever 1, deformed
body, deterioration 1, fire resistance 2, frail 1, electricity resistance, spiny
1, wild magic 1, flame cloud immunity
a: Blink, Renounce Religion


You were on level 9 of the Dungeon.
You worshipped Xom.
You were a plaything of Xom.
You were not hungry.

You visited 2 branches of the dungeon, and saw 10 of its levels.
You also visited: Sewer and Ossuary.

You collected 534 gold pieces.
You spent 103 gold pieces at shops.

Inventory:

Hand weapons
 a - a +1 falchion of chaos (weapon)
Missiles
 h - 44 poisoned needles
Armour
 b - a +2 leather armour (worn)
 f - a +2 hat
 i - a +0 pair of gloves (worn)
 m - a +0 cloak (worn)
 p - a troll hide {Purgy}
 O - a +2 helmet (worn)
Rods
 J - a -1 rod of ignition (14/14)
   (You found it on level 6 of the Dungeon)
Jewellery
 D - a ring of see invisible (left hand)
Magical devices
 e - a wand of digging (10)
 F - a wand of polymorph (16)
 G - a wand of lightning (0)
Scrolls
 s - 5 scrolls of blinking
 u - 2 scrolls of recharging
 w - a scroll of enchant weapon
 x - 3 scrolls of enchant armour {unknown}
 y - 3 scrolls of teleportation
 E - 2 scrolls of remove curse {unknown}
 M - 2 scrolls of amnesia {unknown}
 N - a scroll of silence {unknown}
 Q - a scroll of identify
Potions
 g - 6 potions of curing
 j - 4 potions of heal wounds
 k - 2 potions of might
 o - a potion of lignification
 q - 2 potions of cancellation
 t - a potion of flight
 v - a potion of ambrosia
 A - a potion of invisibility
 C - a potion of magic
 H - a potion of haste {unknown}
 I - a potion of agility {unknown}
Books
 l - a book of Unlife

   Spells                             Type                      Level
   a - Recall                         Summoning/Translocation      3
   b - Animate Dead                   Necromancy                   4
   c - Control Undead                 Necromancy                   4
   d - Cigotuvi's Embrace             Necromancy                   5
   e - Death Channel                  Necromancy                   6
   f - Simulacrum                     Ice/Necromancy               6
 r - a Fen Folio

   Spells                             Type                      Level
   a - Corpse Rot                     Necromancy                   2
   b - Stone Arrow                    Conjuration/Earth            3
   c - Leda's Liquefaction            Hexes/Earth                  4
   d - Summon Forest                  Summoning/Translocation      5
   e - Hydra Form                     Transmutation                6
   f - Summon Hydra                   Summoning                    7
 z - a book of Envenomations

   Spells                             Type                      Level
   a - Spider Form                    Transmutation/Poison         3
   b - Alistair's Intoxication        Transmutation/Poison         4
   c - Olgreb's Toxic Radiance        Poison                       4
   d - Poisonous Cloud                Conjuration/Poison/Air       6
Miscellaneous
 P - a plain deck of escape
Comestibles
 c - 12 bread rations
 d - 7 meat rations
 n - 8 fruits
 B - 8 slices of pizza
 K - 2 beef jerkies
 L - 3 chunks of flesh


   Skills:
 * Level 8.7 Fighting
 - Level 10.0 Long Blades
 - Level 7.0 Armour
 - Level 6.1 Dodging


You had 9 spell levels left.
You didn't know any spells.

Dungeon Overview and Level Annotations

Branches:
Dungeon (9/15)             Temple (1/1) D:6
   Lair: D:8-11         Orc: D:9-12

Altars:
Ashenzari
Cheibriados
Dithmenos
Elyvilon
Fedhas
Gozag
Kikubaaqudgha
Makhleb
Nemelex Xobeh
Okawaru
Qazlal
Ru
Sif Muna
Trog
Vehumet
Xom
Yredelemnul
Zin
The Shining One

Shops:
D:6 }   D:8 [


Innate Abilities, Weirdness & Mutations

You have sharp fingernails.
You are mostly covered in rough black scales (AC +7, Dex -2).
Your flesh is very heat resistant.
You are partially covered in sharp spines.
You are immune to clouds of flame.
You can translocate small distances at will.
Scrolls take you a little longer to read.
Your mind is acute. (Int +2)
Armour fits poorly on your strangely shaped body.
Your body sometimes deteriorates upon taking damage.
You are frail (-10% HP).
You are resistant to electric shocks.
Your spells are a little harder to cast, but a little more powerful.


Message History

Unknown command.
Drink which item? (? for menu, Esc to quit)
You feel much better.
The worker ant is struck by your spines.
The worker ant bites you but does no damage.
The troll barely misses you. The troll closely misses you.
The troll claws you but does no damage.
The worker ant is struck by your spines.
The worker ant barely misses you.
Unknown command.
The orc priest becomes somewhat translucent.
The troll bites you! The troll claws you but does no damage.
The troll claws you but does no damage.
You barely miss the troll.
The troll is moderately wounded.
You hit the troll.
The troll goes berserk!
The troll is moderately wounded.
The troll bites you!!
You die...
Xom roars with laughter!

#o. #'#### ### ## ##...$.
#.#####. ###.o.# ## #.'...#.
##W######.)..##%.##. ##.###...
#.........).....[... .#..# ###.
#...........o##..##...##..# #.
#........##...####...##...# #.
#.........##.aT@...# #....# #.
##'################# ##'### #.
#.## #.)## ## #..## ##..# ##..#
##.## ##.# #..# # #.#
###########'### # ####'########
#.............###
#...........####........รท....'.#


You could see a troll (berserk), an orc warrior and a worker ant.

Vanquished Creatures
  Erolcha (D:8)
  An unseen horror (D:9)
  2 centaur skeletons
  A troll (D:9)
  A two-headed ogre (D:9)
  A hungry ghost (D:9)
  A hog (D:7)
  A wraith (Ossuary)
  A human (D:7)
  Edmund (D:6)
  A sky beast (D:8)
  A water moccasin (D:8)
  A dwarf (shapeshifter) (D:7)
  3 black bears
  An ice beast (D:8)
  Purgy (Sewer)
  4 orc warriors
  2 ogres
  3 phantoms
  4 centaurs
  Blork the orc (D:5)
  2 gnoll sergeants
  6 giant frogs
  3 scorpions
  4 killer bees
  3 jellies
  A giant frog zombie (D:6)
  2 crimson imps (D:5)
  3 hounds
  9 orc wizards
  A giant frog skeleton (D:4)
  Ijyb (D:2)
  5 orc priests
  4 iguanas
  A statue (D:7)
  6 worker ants
  3 sheep (D:7)
  A hound skeleton (D:5)
  A mummy (Ossuary)
  A worker ant zombie (D:5)
  9 adders
  15 gnolls
  A shadow imp (D:7)
  3 oozes
  2 adder zombies
  2 worms
  An adder skeleton (D:6)
  7 giant geckos
  44 orcs
  A ball python (D:3)
  22 bats
  A bat skeleton (D:5)
  A bat zombie (D:8)
  5 giant cockroaches
  16 goblins
  13 hobgoblins
  5 jackals
  4 quokkas
  A giant gecko zombie (D:7)
  5 giant newts
  7 gnoll skeletons (Ossuary)
  13 kobolds
  4 kobold skeletons (Ossuary)
  11 orc skeletons (Ossuary)
  A quokka skeleton (D:5)
  15 rats
299 creatures vanquished.

Vanquished Creatures (collateral kills)
  A hungry ghost (D:7)
  An ogre (D:6)
  A goblin (D:6)
3 creatures vanquished.

Vanquished Creatures (others)
  An orc wizard (D:3)
  A white imp (D:7)
  A gnoll skeleton (Ossuary)
  A kobold skeleton (Ossuary)
4 creatures vanquished.

Grand Total: 306 creatures vanquished

Notes
Turn   | Place    | Note
--------------------------------------------------------------
     0 | D:1      | Monkaria the Demonspawn Chaos Knight began the quest for the Orb.
     0 | D:1      | Reached XP level 1. HP: 18/18 MP: 1/1
   164 | D:1      | Gained mutation: You are partially covered in sharp spines. [demonic ancestry]
   164 | D:1      | Reached XP level 2. HP: 24/24 MP: 2/2
   729 | D:1      | XOM: harmless Summ miscast
   900 | D:1      | Gained mutation: You have sharp fingernails. [demonic ancestry]
   900 | D:1      | Reached XP level 3. HP: 25/29 MP: 3/3
  1247 | D:2      | Gained mutation: Your flesh is heat resistant. [demonic ancestry]
  1247 | D:2      | Reached XP level 4. HP: 35/35 MP: 4/4
  1396 | D:2      | Noticed Ijyb
  1401 | D:2      | XOM: enchant monster (good)
  1414 | D:2      | XOM: mild Chrm miscast
  1438 | D:2      | Killed Ijyb
  1438 | D:2      | Reached skill level 4 in Long Blades
  1574 | D:3      | XOM: stealth player
  1641 | D:3      | Found a blossoming altar of Fedhas.
  1768 | D:3      | Reached XP level 5. HP: 37/41 MP: 5/5
  1807 | D:3      | Found a glowing drain.
  1816 | Sewer    | Entered a sewer
  1826 | Sewer    | Noticed Purgy
  1835 | Sewer    | Killed Purgy
  1835 | Sewer    | Reached skill level 5 in Long Blades
  2143 | D:3      | Gained mutation: You are immune to clouds of flame. [demonic ancestry]
  2143 | D:3      | Reached XP level 6. HP: 42/47 MP: 6/6
  2445 | D:4      | XOM: harmless Summ miscast
  2465 | D:4      | XOM: potion effect (invisibility)
  2468 | D:4      | Reached skill level 6 in Long Blades
  2581 | D:4      | Found a sparkling altar of Nemelex Xobeh.
  2861 | D:4      | XOM: potion effect (brilliance)
  2868 | D:4      | XOM: divination: magic mapping
  2876 | D:4      | Reached skill level 7 in Long Blades
  2876 | D:4      | Reached XP level 7. HP: 46/52 MP: 7/7
  2911 | D:4      | XOM: cast spell 'Olgreb's Toxic Radiance'
  3148 | D:4      | XOM: cast spell 'Statue Form'
  3382 | D:4      | Gained mutation: Your body sometimes deteriorates upon taking damage. [potion of mutation]
  3382 | D:4      | Gained mutation: Your skin changes colour to match your surroundings (Stealth). [potion of mutation]
  3382 | D:4      | Gained mutation: Your natural rate of healing is unusually fast. [potion of mutation]
  3387 | D:5      | Entered Level 5 of the Dungeon
  3432 | D:5      | XOM: divination: detect creatures
  3439 | D:5      | Reached skill level 8 in Long Blades
  3614 | D:5      | XOM: cast spell 'Olgreb's Toxic Radiance'
  3739 | D:5      | Noticed Blork the orc
  3748 | D:5      | Killed Blork the orc
  3748 | D:5      | Reached XP level 8. HP: 44/60 MP: 8/8
  3935 | D:5      | Found a deep blue altar of Sif Muna.
  3936 | D:5      | Found a stormy altar of Qazlal.
  4301 | D:6      | Reached skill level 5 in Fighting
  4423 | D:6      | XOM: potion effect (heal wounds)
  4476 | D:6      | Found a staircase to the Ecumenical Temple.
  4533 | Temple   | Entered the Ecumenical Temple
  4895 | D:6      | XOM: cast spell 'Spider Form'
  4898 | D:6      | XOM: summons friendly ufetubus
  5099 | D:6      | Found Vinod's Gadget Emporium.
  5116 | D:6      | Noticed Edmund
  5126 | D:6      | Killed Edmund
  5665 | D:6      | XOM: smoke on damage
  5766 | D:7      | Reached skill level 5 in Armour
  5792 | D:7      | XOM: summons friendly white imp
  5815 | D:7      | Found a snail-covered altar of Cheibriados.
  5815 | D:7      | Found a basalt altar of Yredelemnul.
  5840 | D:7      | Gained mutation: You are partially covered in rough black scales (AC +4, Dex -1). [demonic ancestry]
  5840 | D:7      | Reached XP level 9. HP: 42/70 MP: 9/9
  5886 | D:7      | Gained mutation: Scrolls take you a little longer to read. [mutagenic meat]
  5888 | D:7      | Gained mutation: Your flesh is very heat resistant. [mutagenic meat]
  5889 | D:7      | Lost mutation: Your skin changes colour to match your surroundings (Stealth). [mutagenic meat]
  5891 | D:7      | Identified a -1 rod of ignition (14/14) (You found it on level 6 of the Dungeon)
  5975 | D:7      | XOM: harmless Trmt miscast
  5986 | D:7      | XOM: confuse monster(s)
  6044 | D:7      | XOM: confusion
  6108 | D:7      | Reached skill level 1 in Dodging
  6200 | D:7      | XOM: harmless Hex miscast
  6226 | D:7      | XOM: give mutations
  6226 | D:7      | Gained mutation: Your spells are a little harder to cast, but a little more powerful. [Xom's mischief]
  6226 | D:7      | Gained mutation: You are resistant to electric shocks. [Xom's mischief]
  6226 | D:7      | Gained mutation: You are frail (-10% HP). [Xom's mischief]
  6233 | D:7      | XOM: smoke on damage
  6264 | D:7      | XOM: harmless Chrm miscast
  6453 | D:7      | XOM: noise
  6630 | D:7      | Found a radiant altar of Vehumet.
  6836 | D:7      | Found a sacrificial altar of Ru.
  6836 | D:7      | XOM: summons 3 hostile shadow creatures
  7056 | D:7      | Reached skill level 5 in Dodging
  7119 | D:7      | XOM: colour smoke trail
  7456 | D:8      | Found a sand-covered staircase.
  7462 | D:8      | XOM: enchant monster (good)
  7470 | Ossuary  | Entered an ossuary
  7491 | Ossuary  | XOM: repel stairs
  7524 | Ossuary  | XOM: swap monsters
  7532 | Ossuary  | XOM: destruction
  7533 | Ossuary  | XOM: cast spell 'Warp Weapon'
  7726 | D:8      | XOM: give mutations
  7726 | D:8      | Gained mutation: Your mind is acute. (Int +2) [Xom's grace]
  7726 | D:8      | Gained mutation: You can translocate small distances at will. [Xom's grace]
  7726 | D:8      | Gained mutation: You are mostly covered in rough black scales (AC +7, Dex -2). [Xom's grace]
  7820 | D:8      | Found Yte Foid's Antique Armour Shoppe.
  7824 | D:8      | Noticed a centaur skeleton
  7841 | D:8      | Killed a centaur skeleton
  7841 | D:8      | Reached XP level 10. HP: 61/69 MP: 10/10
  7999 | D:8      | Reached skill level 9 in Long Blades
  8180 | D:8      | XOM: chaos cloud
  8242 | D:8      | Noticed Erolcha
  8250 | D:8      | XOM: enchant monster (good)
  8251 | D:8      | Killed Erolcha
  8275 | D:8      | XOM: vitrification
  8358 | D:8      | XOM: give mutations
  8358 | D:8      | Gained mutation: Armour fits poorly on your strangely shaped body. [Xom's mischief]
  8358 | D:8      | Lost mutation: Your natural rate of healing is unusually fast. [Xom's mischief]
  8411 | D:8      | Bought a glowing helmet for 103 gold pieces
  8433 | D:8      | Reached skill level 10 in Long Blades
  8482 | D:8      | XOM: vitrification
  8687 | D:9      | Noticed an unseen horror
  8695 | D:9      | Killed an unseen horror
  8710 | D:9      | XOM: mild Ice miscast
  8852 | D:9      | XOM: mild Air miscast
  9064 | D:9      | HP: 3/73 [orc priest/divine providence (9)]
  9071 | D:9      | Slain by a troll

Vault maps used:
D:1:      lemuel_arrival_tunnels
D:2:      grunt_ministairs_6, uniq_iyjb
D:3:      portal_sewer_entry_d, fedhas_altar_2
D:4:      lemuel_coloured_pillars_altar, first_bread
D:5:      gammafunk_temple_overflow_pools, uniq_blork_the_orc
D:6:      minmay_temple_entry_glass, serial_shops, kennysheep_mini_moat,
          uniq_edmund
D:7:      gammafunk_temple_overflow_elements, kennysheep_mini, vehumet_statue,
          grunt_livestock
D:8:      enter_ossuary_2, serial_shops, shop, uniq_erolcha
D:9:      david_orc_1_choice
Temple:   circular_temple_12
Sewer:    kennysheep_door_sewer
Ossuary:  ossuary_due_mausoleum

Action                   |  1- 3 |  4- 6 |  7- 9 | 10-12 || total
-------------------------+-------+-------+-------+-------++-------
Melee: Falchion          |    64 |    98 |   426 |   138 ||   726
       Unarmed           |       |       |     9 |       ||     9
Evoke: Wand              |       |       |       |     4 ||     4
  Use: Scroll            |       |    10 |     9 |     1 ||    20
       Potion            |       |       |     1 |     1 ||     2
 Stab: Sleeping          |       |     2 |     4 |       ||     6
       Paralysed         |       |     1 |     6 |     1 ||     8
       Invisible         |       |     1 |       |       ||     1
       Petrifying        |       |       |     1 |     1 ||     2
       Distracted        |       |       |     4 |       ||     4
       Confused          |       |       |     6 |     1 ||     7
       Petrified         |       |       |     2 |       ||     2
  Eat: Chunk             |       |     7 |    20 |     7 ||    34
